 Dungeon Crawl Stone Soup version 0.30-a0-476-g330ca2eb8e (webtiles) character file.

Game seed: 4963623264404782050

37 OTABOTABOTAB the Insei (level 3, 0/28 HPs)
             Began as a Gnoll Transmuter on Dec 22, 2022.
             Slain by an adder (3 damage)
             ... on level 2 of the Dungeon.
             The game lasted 00:02:16 (1021 turns).

OTABOTABOTAB the Insei (Gnoll Transmuter)           Turns: 1021, Time: 00:02:17

Health: 0/28       AC:  2    Str: 11    XL:     3   Next: 39%
Magic:  9/9        EV: 13    Int: 12    God:
Gold:   20         SH:  0    Dex: 12    Spells: 11/12 levels left

rFire   . . .      SeeInvis .      - Unarmed
rCold   . . .      Faith    .    (no shield)
rNeg    . . .      Spirit   .    a - +0 robe
rPois   .          Reflect  .    (no helmet)
rElec   .          Harm     .    (no cloak)
rCorr   .          Rampage  .    (no gloves)
Will    .....                    (no boots)
Stlth   +.........               (no amulet)
HPRegen 0.24/turn                (no ring)
MPRegen 0.11/turn                (no ring)

@: lethally poisoned (0 -> -1)
A: fangs 1, strong nose, distributed training
a: no special abilities


You were on level 2 of the Dungeon.
You visited 1 branch of the dungeon, and saw 2 of its levels.

You collected 20 gold pieces.

Inventory:

Armour
 a - a +0 robe (worn)
Scrolls
 b - a scroll of immolation {unknown}
 d - 2 scrolls of amnesia {unknown}
 f - a scroll of brand weapon {unknown}
 h - a scroll of teleportation {unknown}
 j - 2 scrolls of identify {unknown}
 l - a scroll of magic mapping {unknown}
Potions
 c - a potion of magic {unknown}
 e - a potion of attraction {unknown}
 g - a potion of might {unknown}
 i - a potion of ambrosia {unknown}
 k - 2 potions of degeneration {unknown}
 P - a potion of lignification {!q}


   Skills:
 + Level 2.6 Fighting
 + Level 0.8 Short Blades
 + Level 0.8 Long Blades
 + Level 0.8 Axes
 + Level 0.8 Maces & Flails
 + Level 0.8 Polearms
 + Level 0.8 Staves
 + Level 0.8 Ranged Weapons
 + Level 0.8 Throwing
 + Level 0.8 Armour
 + Level 4.5 Dodging
 + Level 0.8 Stealth
 + Level 0.8 Shields
 + Level 6.5 Unarmed Combat
 + Level 5.0 Spellcasting
 + Level 0.5 Conjurations
 + Level 0.5 Hexes
 + Level 0.5 Summonings
 + Level 0.5 Necromancy
 + Level 0.5 Translocations
 + Level 3.7 Transmutations
 + Level 0.5 Fire Magic
 + Level 0.5 Ice Magic
 + Level 0.5 Air Magic
 + Level 0.5 Earth Magic
 + Level 0.5 Poison Magic
 + Level 1.0 Invocations
 + Level 0.8 Evocations


You had 11 spell levels left.
You knew the following spells:

 Your Spells              Type           Power      Damage    Failure   Level
a - Beastly Appendage     Tmut           24%        N/A       4%          1

Your spell library contained the following spells:

 Spells                   Type           Power      Damage    Failure   Level
 Wereblood                Tmut           12%        N/A       6%          2
 Spider Form              Tmut/Pois      8%         N/A       24%         3
 Ice Form                 Ice/Tmut       8%         N/A       63%         4


Dungeon Overview and Level Annotations

Branches:
Dungeon (2/15)

Altars:


Innate Abilities, Weirdness & Mutations

You have very sharp teeth.
Your uncanny sense of smell can sniff out nearby items.
Your experience applies equally to all skills.


Message History

s - 4 stones (quivered)
There is a fountain of clear blue water here.
As you open the door, it creaks loudly!
A quokka, a bat and a goblin come into view.
The goblin moves out of view.
There are monsters nearby!
There are monsters nearby!
You hit the bat. The bat hits you but does no damage.
You throw a stone. The stone hits the bat.
The bat closely misses you.
You punch the bat!
You kill the bat!
Your Invocations skill increases to level 1!
You throw a stone. The stone hits the goblin.
You kill the goblin!
You hit the quokka but do no damage. Your bite misses the quokka.
The quokka bites you.
You take 1 damage, and have 26/27 hp.
You closely miss the quokka. Your bite misses the quokka.
The quokka closely misses you.
You barely miss the quokka. The quokka closely misses you.
Unknown command.
You punch the quokka!
You kill the quokka!
Health restored: 27 No target in view!
No target in view!
There is an open door, spattered with blood here.
You see here a bat corpse.
You open the door.
There is an open door here.
Done exploring.
Done exploring.
Done exploring.
Done exploring.
(D) Dungeon
Where to? (? - help)
You see here a +0 short sword.
You see here a +0 dagger.
There is a stone staircase leading down here.
You climb downwards.
Found 16 gold pieces and 7 stones.
Found a stone staircase leading down.
There is a stone staircase leading up here.
A hobgoblin is nearby!
You throw a stone.
The stone hits the hobgoblin but does no damage.
You throw a stone. The stone closely misses the hobgoblin.
An adder comes into view.
The hobgoblin hits you.
You take 4 damage, and have 23/27 hp.
You closely miss the hobgoblin. The hobgoblin completely misses you.
You barely miss the hobgoblin.
Unknown command.
You closely miss the hobgoblin.
You bite the hobgoblin, but do no damage.
The hobgoblin misses you.
You barely miss the hobgoblin. The hobgoblin hits you.
You take 4 damage, and have 20/27 hp.
You hit the hobgoblin. Your bite misses the hobgoblin.
The hobgoblin completely misses you.
Unknown command.
You closely miss the hobgoblin. The hobgoblin barely misses you.
You hit the hobgoblin but do no damage. You bite the hobgoblin.
You kill the hobgoblin!
Your life force feels restored.
A hobgoblin comes into view.
You completely miss the adder. Your bite misses the adder. The adder bites you.
You are poisoned.
The adder poisons you!
You take 1 damage, and have 20/28 hp.
You barely miss the adder.
You feel sick.
The hobgoblin shouts!
The adder misses you.
You take 2 damage, and have 18/28 hp.
You closely miss the adder. The adder bites you.
You are more poisoned.
The adder poisons you!
You take 3 damage, and have 15/28 hp.
You hit the adder but do no damage. You bite the adder.
You feel very sick. The adder bites you but does no damage.
You take 2 damage, and have 13/28 hp.
You miss the adder.
You feel sick. The adder misses you. The adder barely misses you.
You take 1 damage, and have 12/28 hp.
You hit the adder.
You feel sick. The adder barely misses you.
You take 2 damage, and have 10/28 hp.
You closely miss the adder.
You feel sick. The adder bites you.
* * * LOW HITPOINT WARNING * * *
You take 3 damage, and have 7/28 hp.
You closely miss the adder.
You feel sick. The adder closely misses you.
You take 1 damage, and have 6/28 hp.
You closely miss the adder.
You feel sick. The adder misses you. The hobgoblin barely misses you.
You barely miss the adder.
You feel sick. The adder bites you.
* * * LOW HITPOINT WARNING * * *
You take 2 damage, and have 4/28 hp.
Unknown command.
You closely miss the adder.
You feel sick. The hobgoblin barely misses you. The adder bites you.
You die...

....###.###....
.................
..................
..!...............
#..........(.....
#..............##
#....gS..........
#.....@...$.....#
#...............#
##.......<...>...
##..$.......#.#.
###########..# ##


You could see an adder and a hobgoblin.

Vanquished Creatures
  A bat (D:1)
  4 endoplasms (D:1)
  A giant cockroach (D:1)
  3 goblins (D:1)
  3 hobgoblins
  6 jackals (D:1)
  2 quokkas (D:1)
  6 ball pythons (D:1)
  A frilled lizard (D:1)
  3 kobolds (D:1)
  2 rats (D:1)
32 creatures vanquished.

Notes
Turn   | Place    | Note
-------+----------+-------------------------------------------
     0 | D:1      | OTABOTABOTAB the Gnoll Transmuter began the quest for the
                  | Orb.
     0 | D:1      | Reached XP level 1. HP: 17/17 MP: 6/6
   100 | D:1      | Reached XP level 2. HP: 15/23 MP: 5/7
   611 | D:1      | Reached skill level 5 in Spellcasting
   611 | D:1      | Reached XP level 3. HP: 27/28 MP: 7/9
   912 | D:1      | Reached skill level 1 in Invocations
  1017 | D:2      | HP: 7/28 [adder (2)]
  1021 | D:2      | HP: 3/28 [poisoned by an adder]
  1021 | D:2      | Slain by an adder

Illustrated notes

Levels and vault maps discovered:
D:1:      dpeg_arrival_leaves_temple_mockup, layout_basic
D:2:      layout_rooms

Skill      XL: |  1  2  3 |
---------------+----------+-----
Spellcasting   | 5 |  5.0
Invocations    | 1 |  1.0
Fighting       | |  2.6
Short Blades   | |  0.8
Long Blades    | |  0.8
Axes           | |  0.8
Maces & Flails | |  0.8
Polearms       | |  0.8
Staves         | |  0.8
Ranged Weapons | |  0.8
Throwing       | |  0.8
Armour         | |  0.8
Dodging        | |  4.5
Stealth        | |  0.8
Shields        | |  0.8
Unarmed Combat | |  6.5
Conjurations   | |  0.5
Hexes          | |  0.5
Summonings     | |  0.5
Necromancy     | |  0.5
Translocations | |  0.5
Transmutations | |  3.7
Fire Magic     | |  0.5
Ice Magic      | |  0.5
Air Magic      | |  0.5
Earth Magic    | |  0.5
Poison Magic   | |  0.5
Evocations     | |  0.8

Action                   || total
-------------------------++-------
Melee: Unarmed           ||    87
       Kick              ||     9
       Bite              ||     6
       Headbutt          ||     2
       Punch             ||     1
Throw: Stone             ||    11
 Cast: Beastly Appendage ||    13
 Abil: End Transformatio ||     5
 Stab: Sleeping          ||     1
Armor: Robe              ||     9
Dodge: Dodged            ||    55

Table legend: (Time is in decaauts)
 A = Elapsed time spent in this place.
 B = Non-inter-level travel time spent in this place.
 C = Inter-level travel time spent in this place.
 D = Time resting spent in this place.
 E = Time spent auto-exploring this place.
 F = Levels seen in this place.
 G = Mean time per level.
                   A        B        C        D        E       F      G
               +--------+--------+--------+--------+--------+-----+--------+
         Total |   1010 |    955 |     55 |      0 |    754 |   2 |  505.0 |
       Dungeon |   1010 |    955 |     55 |      0 |    754 |   2 |  505.0 |
               +--------+--------+--------+--------+--------+-----+--------+

Top non-repeatable levels by time:
     D:1: 989 daAuts
     D:2: 20 daAuts

Table legend:
 A = Kills in this place as a percentage of kills in entire the game.
 B = Kills by you in this place as a percentage of kills by you in the entire game.
 C = Kills by friends in this place as a percentage of kills by friends in the entire game.
 D = Other kills in this place as a percentage of other kills in the entire game.
 E = Experience gained in this place as a percentage of experience gained in the entire game.
 F = Experience gained in this place divided by the number of levels of this place that you have seen.
                   A       B       C       D       E      F
               +-------+-------+-------+-------+-------+----------------------
         Total | 100.0 | 100.0 |   N/A |   N/A | 100.0 |  26.5
       Dungeon | 100.0 | 100.0 |   N/A |   N/A | 100.0 |  26.5
               +-------+-------+-------+-------+-------+----------------------
